 Dungeon Crawl Stone Soup version 0.25.1-2-g60ff931df9 (webtiles) character file.

Game seed: 5568372997630389008

5108 HawFromDerth the Cleaver (level 10, -1/89 (90) HPs)
             Began as a Hill Orc Berserker on Sept 23, 2020.
             Was an Elder of Trog.
             Slain by a very large slime creature (52 damage)
             ... on level 10 of the Dungeon.
             The game lasted 00:20:12 (13023 turns).

HawFromDerth the Cleaver (Hill Orc Berserker)      Turns: 13023, Time: 00:20:13

HP:   -1/89 (90)    AC:  5    Str: 24    XL:     10   Next: 57%
MP:   10/10         EV: 12    Int:  7    God:    Trog [****..]
Gold: 211           SH:  9    Dex: 10    Spells: 9/9 levels left

rFire    . . .     SeeInvis .   a - +0 war axe
rCold    . . .     Gourm    .   e - +0 buckler
rNeg     . . .     Faith    .   A - +0 troll leather armour
rPois    .         Spirit   .   (no helmet)
rElec    .         Reflect  +   (no cloak)
rCorr    +         Harm     .   (no gloves)
MR       .....                  (no boots)
Stlth    +.........             s - amulet of reflection
HPRegen  0.64/turn              z - ring of resist corrosion
MPRegen  0.12/turn              (no ring)

@: no status effects
A: no striking features
a: Berserk, Trog's Hand, Brothers in Arms, Renounce Religion


You were on level 10 of the Dungeon.
You worshipped Trog.
Trog was greatly pleased with you.
You were not hungry.

You visited 1 branch of the dungeon, and saw 10 of its levels.

You collected 419 gold pieces.
You spent 208 gold pieces at shops.

Inventory:

Hand Weapons
 a - a +0 war axe (weapon)
 o - a +1 flail of venom
 y - a +4 long sword of freezing
Armour
 e - a +0 buckler (worn)
 h - a +0 scale mail
 A - a +0 troll leather armour (worn)
Jewellery
 f - an uncursed ring of protection from magic
 n - an uncursed ring of magical power
 s - an amulet of reflection (around neck)
 z - a ring of resist corrosion (left hand)
 B - a +6 ring of strength {unknown}
 E - an uncursed amulet of faith
Wands
 u - a wand of random effects (12)
Scrolls
 b - a scroll of identify
 i - 3 scrolls of fog
 k - 4 scrolls of teleportation
 l - a scroll of remove curse
 r - 3 scrolls of fear
 t - a scroll of immolation
 D - a scroll of enchant weapon
 F - a scroll of blinking
Potions
 d - a potion of haste
 g - 4 potions of heal wounds
 j - 2 potions of might
 m - a potion of degeneration {unknown}
 p - 2 potions of cancellation {unknown}
 q - 2 potions of brilliance {unknown}
 v - 2 potions of magic {unknown}
 w - 3 potions of ambrosia
 x - 5 potions of lignification {unknown}
 C - a potion of mutation {unknown}
Comestibles
 c - 12 rations
 G - 7 chunks of flesh


   Skills:
 + Level 8.6 Fighting
 + Level 3.1 Long Blades
 + Level 11.1(11.7) Axes
 + Level 5.4(8.1) Maces & Flails
   Level 0.2(5.8) Polearms
 + Level 9.0 Armour
 + Level 3.7 Dodging
 + Level 1.4 Stealth
 + Level 2.4 Shields


You had 9 spell levels left.
You didn't know any spells.
Your spell library was empty.

Dungeon Overview and Level Annotations

Branches:
Dungeon (10/15)            Temple (0/1) D:4            Lair (0/6) D:9
    Orc: D:9-12

Altars:
Ashenzari
Cheibriados
Hepliaklqana
Makhleb
Qazlal
Ru
Sif Muna
Trog
Uskayaw
Xom
The Shining One

Shops:
D:6 !

Annotations:
D:6 2 runed translucent doors, Crazy Yiuf; Gaxx's ghost, novice DsGl


Message History

You fail to use your ability.
Your polar bear goes berserk!
You feel quite a bit more hungry. You block the slime creature's attack.
Your polar bear bites the slime creature!!
Your polar bear claws the slime creature.
Your polar bear barely misses the slime creature.
You fail to use your ability.
Your polar bear bites the slime creature!
Your polar bear claws the slime creature.
Your polar bear claws the slime creature but does no damage.
The slime creature hits your polar bear!
You block the very large slime creature's attack.
Your polar bear bites the slime creature.
Your polar bear barely misses the slime creature.
Your polar bear claws the slime creature!
You fail to use your ability.
The slime creature closely misses your polar bear.
The very large slime creature hits you!!!
Ouch! That really hurt!
You die...

#..# #..########..# #..#
#..# .# #.J# #..# # #..#
#..######## #..#
#.......... #..#
#.)........
#..#########..########
#.........Jh..#
#..)J....JJ@..#
#..#########..# ######..#
#..# ........# #..#
........# #..######
######..#########........
#...................
#.............#####.
#.............#


You could see a very large slime creature, 3 slime creatures and a friendly
polar bear (summoned, berserk).

Vanquished Creatures
  Maggie (D:6)
  A komodo dragon (D:9)
  A troll (D:9)
  A tengu conjurer (D:8)
  Grinder (D:5)
  A hippogriff (D:9)
  Edmund (D:4)
  2 orc warriors (D:8)
  2 sky beasts
  10 ogres
  A necrophage (D:10)
  A centaur (D:6)
  Blork the orc (D:6)
  A bullfrog (D:8)
  A wyvern zombie (D:9)
  2 scorpions (D:4)
  A wight (D:6)
  2 howler monkeys
  3 crimson imps
  2 bullfrog zombies
  A centaur zombie (D:9)
  5 hounds
  6 orc wizards
  A bullfrog skeleton (D:4)
  3 jellies
  8 orc priests
  A centaur skeleton (D:6)
  An iguana (D:7)
  2 worker ants (D:7)
  A killer bee zombie (D:7)
  2 hound zombies
  2 hound skeletons
  A worker ant zombie (D:8)
  7 gnolls
  7 adders
  A howler monkey zombie (D:8)
  3 shadow imps
  2 worms
  3 dart slugs
  4 leopard geckos
  40 orcs
  8 bats
  6 giant cockroaches
  8 goblins
  10 hobgoblins
  3 quokkas
  2 ball pythons
  5 frilled lizards
  12 kobolds
  A quokka skeleton (D:8)
  8 rats
200 creatures vanquished.

Vanquished Creatures (collateral kills)
  Erica (D:8)
  A hungry ghost (D:8)
  An orc wizard (D:8)
  2 orcs (D:8)
5 creatures vanquished.

Vanquished Creatures (others)
  3 plants (D:9)
  2 withered plants (D:6)
5 creatures vanquished.

Grand Total: 210 creatures vanquished

Notes
Turn   | Place    | Note
-------+----------+-------------------------------------------
     0 | D:1      | HawFromDerth the Hill Orc Berserker began the quest for the
                  | Orb.
     0 | D:1      | Reached XP level 1. HP: 19/19 MP: 1/1
   133 | D:1      | Reached XP level 2. HP: 24/27 MP: 2/2
   215 | D:1      | HP: 1/40 [gnoll/cursed -2 spear (2)]
   705 | D:1      | Reached XP level 3. HP: 11/33 MP: 3/3
  1232 | D:1      | Reached ** piety under Trog
  1828 | D:2      | Reached skill level 5 in Axes
  1901 | D:2      | Reached XP level 4. HP: 41/41 MP: 4/4
  2058 | D:2      | Found a hazy altar of Hepliaklqana.
  2797 | D:3      | Reached XP level 5. HP: 33/47 MP: 5/5
  3028 | D:3      | Reached skill level 6 in Axes
  3107 | D:3      | Reached skill level 5 in Fighting
  3181 | D:3      | Reached *** piety under Trog
  3406 | D:4      | Noticed an ogre
  3408 | D:4      | Found a staircase to the Ecumenical Temple.
  3409 | D:4      | Noticed an ogre
  3416 | D:4      | Killed an ogre
  3416 | D:4      | Reached XP level 6. HP: 38/56 MP: 6/6
  3418 | D:4      | Reached skill level 7 in Axes
  3837 | D:4      | Reached XP level 7. HP: 32/61 MP: 7/7
  4519 | D:4      | Reached skill level 8 in Axes
  4911 | D:4      | Noticed Edmund
  4926 | D:4      | Killed Edmund
  5409 | D:5      | Entered Level 5 of the Dungeon
  5435 | D:5      | Reached skill level 1 in Stealth
  5681 | D:5      | Reached skill level 5 in Armour
  5681 | D:5      | Reached XP level 8. HP: 36/70 MP: 8/8
  5694 | D:5      | Reached skill level 1 in Maces & Flails
  5881 | D:5      | Noticed Grinder
  5916 | D:5      | Killed Grinder
  5916 | D:5      | Reached skill level 9 in Axes
  6240 | D:5      | You fall into a shaft and drop 2 floors!
  6242 | D:7      | Found a hide-covered altar of Uskayaw.
  7198 | D:7      | Reached XP level 9. HP: 61/78 MP: 9/9
  7345 | D:6      | Reached **** piety under Trog
  7576 | D:6      | Found a runed translucent door.
  7577 | D:6      | Noticed Gaxx's ghost (novice DsGl)
  7584 | D:6      | Found a sacrificial altar of Ru.
  7650 | D:6      | Found Gupischymecw's Distillery.
  7663 | D:6      | Bought a potion of heal wounds for 65 gold pieces
  7663 | D:6      | Bought a potion of ambrosia for 104 gold pieces
  7663 | D:6      | Bought a potion of curing for 39 gold pieces
  7794 | D:6      | Reached skill level 5 in Maces & Flails
  7797 | D:6      | Found a sacrificial altar of Ru.
  7827 | D:6      | Noticed Maggie
  7834 | D:6      | Killed Maggie
  7834 | D:6      | Reached skill level 1 in Long Blades
  8036 | D:6      | Found a runed translucent door.
  8037 | D:6      | Noticed Crazy Yiuf
  8219 | D:6      | HP: 3/79 [orc wizard/+0 dagger (2)]
  8219 | D:6      | HP: 1/79 [adder (2)]
  9125 | D:6      | Noticed Blork the orc
  9135 | D:6      | Killed Blork the orc
  9565 | D:5      | Found a burning altar of Makhleb.
  9565 | D:5      | Noticed a blizzard demon
  9848 | D:8      | Found a snail-covered altar of Cheibriados.
  9906 | D:8      | Found a burning altar of Makhleb.
  9908 | D:8      | Found a hazy altar of Hepliaklqana.
  9908 | D:8      | Found a stormy altar of Qazlal.
  9920 | D:8      | Found a shimmering altar of Xom.
  9920 | D:8      | Found a stormy altar of Qazlal.
  9920 | D:8      | Found a shattered altar of Ashenzari.
  9944 | D:8      | Found a shattered altar of Ashenzari.
 10346 | D:8      | Noticed a tengu conjurer
 10397 | D:8      | Killed a tengu conjurer
 10397 | D:8      | Reached XP level 10. HP: 16/88 MP: 10/10
 10986 | D:8      | Reached skill level 10 in Axes
 11288 | D:8      | Found a bloodstained altar of Trog.
 11290 | D:8      | Found a shimmering blue altar of Sif Muna.
 11306 | D:8      | Found a hide-covered altar of Uskayaw.
 11306 | D:8      | Found a shimmering blue altar of Sif Muna.
 11340 | D:8      | Noticed Erica
 11367 | D:8      | Killed Erica
 11921 | D:9      | Reached skill level 1 in Shields
 12285 | D:9      | Found a staircase to the Lair.
 12310 | D:9      | Found a glowing golden altar of the Shining One.
 12310 | D:9      | Found a stormy altar of Qazlal.
 12796 | D:10     | Entered Level 10 of the Dungeon
 12827 | D:10     | Reached skill level 11 in Axes
 13023 | D:10     | Slain by a very large slime creature

Illustrated notes

Levels and vault maps discovered:
D:1:      lemuel_arrival_room, layout_basic, minmay_unequal
D:2:      layout_loops_ring, nicolae_overflow_crystal_walls
D:3:      layout_basic
D:4:      layout_basic, minmay_temple_entry_water_ring, uniq_edmund
D:5:      layout_loops_ring, makhleb_altar_promises_db, first_ration,
          uniq_grinder
D:6:      layout_basic, serial_shops, nicolae_shop_trees, basic_altar,
          gammafunk_ghost_grave, st_stairs_6, nicolae_benzene_ring,
          nicolae_ru_awakened_eye, uniq_crazy_yiuf_cottage, uniq_maggie,
          uniq_blork_the_orc
D:7:      layout_basic, old_standard_altar, grunt_ogre_cave
D:8:      minmay_the_grid_octo_2x2 [minmay_the_grid_octo_teeth,
          minmay_the_grid_octo_vomiting_pacman, minmay_the_grid_octo_shrine,
          minmay_the_grid_octo_prize_square_snowflake], layout_basic,
          doesnt_xom_only_xom, cheibrodos_ashenzari_chains,
          lemuel_altar_in_water, uniq_erica
D:9:      layout_basic, gammafunk_temple_overflow_elements, david_lair_shrubbed
D:10:     layout_small_grid

Skill      XL: |  1  2  3  4  5  6  7  8  9 10 |
---------------+-------------------------------+-----
Fighting       | 4 5 6 7 8 |  8.6
Axes           | 5 6 7 8 9 11 | 11.1
Armour         | 3 5 6 8 9 |  9.0
Dodging        | 2 3 |  3.7
Stealth        | 1 |  1.4
Maces & Flails | 4 5 |  5.4
Long Blades    | 3 |  3.1
Shields        | 2 |  2.4
Polearms       | |  0.2

Action                   |  1- 3 |  4- 6 |  7- 9 | 10-12 || total
-------------------------+-------+-------+-------+-------++-------
Melee: Hand axe          |   109 |   178 |    59 |       ||   346
       Halberd           |       |    13 |     1 |       ||    14
       Flail             |       |       |   142 |       ||   142
       War axe           |       |       |    92 |   146 ||   238
       Long sword        |       |       |    49 |       ||    49
Invok: Berserk           |     1 |     3 |     1 |       ||     5
       Trog's Hand       |       |       |     1 |     1 ||     2
       Brothers in Arms  |       |       |       |     3 ||     3
  Use: Scroll            |       |     6 |     7 |     2 ||    15
       Potion            |       |       |     2 |     1 ||     3
  Eat: Chunk             |     4 |     7 |     3 |     2 ||    16
       Ration            |       |     2 |     4 |     4 ||    10
Armor: Animal skin       |     1 |       |       |       ||     1
       Chain mail        |    59 |    61 |       |       ||   120
       Scale mail        |       |    27 |   170 |    20 ||   217
       Troll leather arm |       |       |       |     7 ||     7
Dodge: Dodged            |    54 |    88 |   198 |    53 ||   393
Block: Other             |       |       |     9 |    10 ||    19
       Buckler           |       |       |       |    62 ||    62
       Rpst.: Long sword |       |       |    14 |       ||    14
